AoeStats
← PALITOMAN

Nomad

509332701Analyzed
3v3 RM · 7d ago on Sep 26, 2026· 37m 33s· 6 players
Game mode
Random Map
Map size
210×210
Population
200
Speed
Normal
Resources
Standard
Victory
Conquest
Starting age
Dark Age
Ending age
Imperial Age
RankedLock teamsTeams togetherTeam positionsShared explorationLock speedFull tech treeHidden civsTurbo modeCheats
Victory
Defeat
🇩🇪 Japanese · Germany
1237
+12
🇩🇪 Persians · Germany
1224
+13
🇩🇪 Lithuanians · Germany
1215
+13
🇦🇷 Khmer · Argentina
1177
-13
🇦🇷 Tupi · Argentina
1152
-13
🇪🇸 Varangians · Spain
1126
-12
PALITOMAN
4:16 Loom
13:20 Feudal Age
14:07 Double-Bit Axe
19:51 Fletching
26:43 Castle Age
27:47 Medium Warships
28:11 Bodkin Arrow
29:21 Bow Saw
30:39 Ballistics
30:07 Horse Collar
31:44 Clinker Construction
34:07 Careening
37:31 Forging
37:21 Scale Mail Armor
36:43 Pikeman
Monotributista Furioso
5:43 Loom
13:55 Feudal Age
20:39 Castle Age
20:59 Double-Bit Axe
22:28 Wheelbarrow
23:08 Bow Saw
27:49 Town Watch
30:03 Murder Holes
31:02 Fletching
31:08 Town Watch
33:20 Town Watch
ELTRAVERO
5:49 Loom
12:30 Feudal Age
13:43 Double-Bit Axe
13:52 Gold Mining
14:15 Fishing Lines
17:28 Wheelbarrow
19:04 Forging
19:15 Horse Collar
19:28 Stone Mining
22:33 Castle Age
21:56 Fletching
23:25 Medium Warships
23:35 Bow Saw
24:01 Gold Shaft Mining
23:40 Gillnets
27:08 Bodkin Arrow
29:26 Ballistics
28:47 Treadmill Crane
32:07 Horse Collar
34:56 Heavy Plow
35:26 Hand Cart
38:45 Imperial Age
37:52 Sanctity
takego
3:10 Loom
13:32 Feudal Age
14:10 Double-Bit Axe
17:13 Fishing Lines
17:56 Horse Collar
20:52 Castle Age
23:05 Gillnets
22:44 Pikeman
26:05 Wheelbarrow
25:55 Heavy Plow
26:09 Bow Saw
26:10 Scale Mail Armor
26:34 Fletching
27:55 Bodkin Arrow
29:18 Hand Cart
33:51 Imperial Age
32:00 Forging
32:15 Scale Barding Armor
33:14 Town Watch
33:54 Ballistics
33:30 Murder Holes
33:51 Squires
34:48 Siege Engineers
34:56 Light Cavalry
Tonok
5:45 Loom
12:14 Feudal Age
13:51 Double-Bit Axe
13:54 Fishing Lines
16:16 Wheelbarrow
17:11 Town Watch
17:20 Gold Mining
19:22 Horse Collar
25:32 Castle Age
26:31 Medium Warships
27:28 Gillnets
31:34 Bow Saw
31:34 Heavy Plow
32:22 Clinker Construction
32:23 Careening
38:54 Imperial Age
36:27 Husbandry
36:38 Bloodlines
Obi Lan
2:58 Loom
14:37 Feudal Age
15:00 Double-Bit Axe
15:04 Fishing Lines
17:26 Gold Mining
20:09 Castle Age
18:48 Wheelbarrow
20:52 Medium Warships
20:33 Gillnets
20:36 Demolition Ship
22:29 Bow Saw
27:00 Careening
27:00 Clinker Construction
27:59 Gold Shaft Mining
29:44 Siphons
33:22 Imperial Age
31:58 Hand Cart
32:36 Murder Holes
33:02 Ballistics
32:44 Town Watch
33:15 Cavalier
33:56 Husbandry
34:33 Scale Barding Armor
34:54 Bloodlines
35:28 Forging
36:34 Chain Barding Armor
36:57 Heavy Warships
36:55 Dry Dock
Connection lost

Rejoining the realm…

Still unreachable

The connection could not be restored.

Session expired

The server has moved on; the page needs a fresh start.